Construct Infanterie Kompanie
Selects Mechanized Battlegroup
Construct Luftwaffe Kompanie
Flak 30 Anti-aircraft Gun Team
Luftwaffe Officer Quarters
Selects StuG Assault Group
Marder III M Tank Destroyer
Marder III M Tank Destroyer
Selects Panther Heavy Tank
Construct Panzer Kompanie
Selects Stoßtruppen Assault Package
Selects Mechanized Assault